Unix NetHack Version 5.0.0-0 post-release - last build Jun 10 2026 00:39:30 (3ee93aec679c4c4259841fe613dc97188e26a321,branch:main).

Game began 2026-06-26 17:51:53, ended 2026-06-26 18:21:54.

Kalzekdor, chaotic male elven Ranger

                 ---
                  ..
                 --...    -
                 |.....   .
                  -.h...---.-
                   ..........-
                    -.........-  ---
                     -.........---.---
                   ---..........G.*..|  ---
                   |.................---..--
                   -.......................--
                    ........>...G...........---
                            -...h@............|
                            --.....<..---    .|
                             |....d...|      --
                             -----....-
                                 ......
                                .........
                                -..--.|.-
                                ---- ----
Kalzekdor the Tenderfoot     St:16 Dx:12 Co:13 In:14 Wi:15 Ch:7  Chaotic
Dlvl:3  $:29 HP:0(19) Pw:12(12) AC:1  Xp:2 T:852 

Latest messages:
 Eat it? [yn] (n) y
 This makes you feel like Popeye!
 You swap places with Sirius.
 You swap places with Sirius.
 You hear some noises in the distance.
 You hear the splashing of a naiad.
 You descend the stairs.
 Sirius bites the gnome lord.
 Sirius bites the gnome lord.
 The gnome lord hits Sirius.
 In what direction? j
 The elven arrow misses the gnome lord.
 Sirius bites the gnome lord.
 The gnome lord hits Sirius.
 The gnome lord picks up a +0 elven arrow.
 In what direction? l
 You shoot 3 elven arrows.
 The 1st elven arrow misses the gnome lord.
 The 2nd elven arrow hits the gnome lord!
 The 3rd elven arrow hits the gnome lord!
 You kill the gnome lord!
 Welcome to experience level 2.
 d - a +0 elven arrow (in quiver) (31 in total).
 d - a +0 elven arrow (in quiver) (32 in total).
 Sirius eats a gnome lord corpse.
 The gnome picks up a gem.
 A cloud of gas puts you to sleep!
 The gnome wields a thonged club!
 The gnome secures the tether on the thonged club.
 The gnome throws a dart!
 A dart misses you.
 The gnome throws a dart!
 You are hit by a dart.
 The gnome throws a dart!
 You are hit by a dart.
 The dwarf wields a dagger!
 The dwarf thrusts her dagger.
 The dwarf hits!
 The dwarf picks up a gem.
 The dwarf thrusts her dagger.
 The dwarf hits!
 The dwarf picks up a stone.
 The dwarf thrusts her dagger.
 The dwarf hits!
 You die...
 Do you want your possessions identified? [ynq] (y) y
 Do you want to see your attributes? [ynq] (y) y
 Do you want an account of creatures vanquished? [ynaq] (y) y
 Do you want to see your conduct and achievements? [ynq] (y) y
 Do you want to see the dungeon overview? [ynq] (y) y

Inventory:
 Coins    ('$')
  $ - 29 gold pieces
 Weapons  (')')
  c - 53 +2 elven arrows
  d - 32 +0 elven arrows (in quiver)
  b - a +1 elven bow (weapon in right hand)
  a - a +1 elven dagger (alternate weapon; not wielded)
  n - a cursed -1 orcish dagger
 Armor    ('[')
  o - an uncursed +0 orcish helm (being worn)
  e - an uncursed +2 elven cloak (being worn)
  r - an uncursed +0 chain mail (being worn)
 Comestibles  ('%')
  f - 5 uncursed lembas wafers
  k - an uncursed lichen corpse
 Scrolls  ('?')
  l - a blessed scroll of enchant weapon
  p - a blessed scroll of fire
  h - a cursed scroll of remove curse
 Spellbooks  ('+')
  i - an uncursed spellbook of levitation
 Potions  ('!')
  q - an uncursed potion of fruit juice
  g - an uncursed potion of gain energy
 Gems/Stones  ('*')
  j - an uncursed amethyst stone
  m - an uncursed worthless piece of blue glass

Kalzekdor the Ranger's attributes:

Background:
 You were a Tenderfoot, a level 2 male elven Ranger.
 You were chaotic, on a mission for Mars
 who was opposed by Mercury (lawful) and Venus (neutral).
 You were right-handed.
 You were in the Gnomish Mines, on level 3.
 You entered the dungeon 852 turns ago.
 You had 34 experience points, 6 more were needed to attain level 3.

Basics:
 You had 0 out of 19 hit points.
 You had all 12 energy points (spell power).
 Your armor class was 1.
 Your wallet contained 29 zorkmids.
 Autopickup was off.

Final Characteristics:
 Your strength was 16 (limit:18).
 Your dexterity was 12 (limit:18).
 Your constitution was 13 (limit:16).
 Your intelligence was 14 (limit:20).
 Your wisdom was 15 (limit:20).
 Your charisma was 7 (limit:18).

Final Status:
 You weren't hungry.
 You were unencumbered.
 You were wielding a bow.
 You had basic skill with bow.

Final Attributes:
 You were fervently aligned.
 You had automatic searching.
 You had infravision.
 You were stealthy.
 You were warded.
 Your spell casting was impaired by metallic armor.
 You are dead.

Miscellaneous:
 You didn't encounter any bones levels.
 Total elapsed playing time was 29 minutes and 4 seconds.

Major events:
 Turn
    1: Kalzekdor the chaotic male elven Ranger entered the dungeon
  831: entered the Gnomish Mines
  852: killed by a dwarf, while sleeping

Spells:
 Name                 Level Category     Fail Retention
 levitation             4   escape       100%  76%-100%

Skills:
 Fighting Skills
   bare handed combat [Unskilled]
   riding             [Unskilled]
 Weapon Skills
   dagger             [Basic]
   knife              [Unskilled]
   axe                [Unskilled]
   pick-axe           [Unskilled]
   short sword        [Unskilled]
   morning star       [Unskilled]
   flail              [Unskilled]
   hammer             [Unskilled]
   quarterstaff       [Unskilled]
   polearms           [Unskilled]
   spear              [Unskilled]
   trident            [Unskilled]
   bow                [Basic]
   sling              [Unskilled]
   crossbow           [Unskilled]
   dart               [Unskilled]
   shuriken           [Unskilled]
   boomerang          [Unskilled]
   whip               [Unskilled]
 Spellcasting Skills
   healing spells     [Unskilled]
   divination spells  [Unskilled]
   escape spells      [Unskilled]

Voluntary challenges:
 Character rerolling was not enabled.
 You followed a strict vegan diet.
 You were an atheist.
 You never genocided any monsters.
 You never polymorphed an object.
 You never changed form.
 You used no wishes.
Achievement:
 You entered the Gnomish Mines.

 The Dungeons of Doom: levels 1 to 2
    Level 1:
       A sink.
    Level 2:
       A fountain.
       Stairs down to The Gnomish Mines.
 The Gnomish Mines:
    Level 3: <- You were here.
       Final resting place for
          you, killed by a dwarf, while sleeping.


Vanquished creatures:
  a gnome leader
  3 jackals
  a fox
  a kobold
  2 goblins
  2 grid bugs
  a lichen
  a kobold zombie
  a newt
13 creatures vanquished.

No species were genocided or became extinct.

Game over:
                       ----------
                      /          \
                     /    REST    \
                    /      IN      \
                   /     PEACE      \
                  /                  \
                  |    Kalzekdor     |
                  |      29 Au       |
                  |   killed by a    |
                  |      dwarf       |
                  |                  |
                  |                  |
                  |       2026       |
                 *|     *  *  *      | *
        _________)/\\_//(\/(/\)/\//\/|_)_______

Goodbye Kalzekdor the Ranger...

You died in The Gnomish Mines on dungeon level 3 with 263 points,
and 29 pieces of gold, after 852 moves.
You were level 2 with a maximum of 19 hit points when you died.

